AoeStats
← darador86

Arena

507909367Analyzed
4v4 RM · 14d ago on Sep 20, 2026· 42m 3s· 8 players
Game mode
Random Map
Map size
Large (8 player)
Population
200
Speed
Normal
Resources
Standard
Victory
Conquest
Starting age
Dark Age
Ending age
Imperial Age
RankedLock teamsTeams togetherTeam positionsShared explorationLock speedFull tech treeHidden civsTurbo modeCheats
Victory
Defeat
🇺🇸 Koreans · United States
763
+12
🇷🇴 Goths · Romania
757
+12
🇺🇸 Poles · United States
740
+13
🇦🇷 Huns · Argentina
683
+15
🇹🇷 Maya · Türkiye
693
-14
🇨🇳 Byzantines · China
691
-14
🇲🇽 Romans · Mexico
676
-13
🇯🇵 Gurjaras · Japan
629
-11
Mugen
0:27 Loom
10:25 Feudal Age
10:57 Double-Bit Axe
11:15 Horse Collar
20:11 Castle Age
19:28 Gold Mining
19:31 Stone Mining
19:55 Forging
19:08 Man-at-Arms
20:11 Fletching
20:50 Scale Mail Armor
21:18 Bow Saw
21:12 Heavy Plow
21:51 Gold Shaft Mining
21:36 Town Watch
22:29 Wheelbarrow
24:41 Iron Casting
24:09 Squires
24:13 Husbandry
25:29 Bodkin Arrow
25:48 Bloodlines
26:18 Chain Mail Armor
25:29 Long Swordsman
27:17 Ballistics
27:10 Scale Barding Armor
26:29 Pikeman
29:44 Chain Barding Armor
33:02 Imperial Age
31:19 Ballistas
32:07 Hand Cart
35:24 Blast Furnace
33:50 Halberdier
35:22 Town Patrol
35:32 Caravan
35:31 Murder Holes
37:14 Chemistry
36:54 Plate Barding Armor
36:59 Conscription
37:27 Masonry
37:25 Padded Archer Armor
40:02 Comitatenses
40:36 Siege Engineers
40:34 Elite Skirmisher
Loopia
9:15 Loom
13:20 Feudal Age
15:59 Wheelbarrow
15:10 Town Watch
15:15 Double-Bit Axe
18:26 Castle Age
16:36 Gold Mining
16:42 Stone Mining
17:16 Horse Collar
19:58 Bow Saw
19:56 Heavy Plow
22:37 Gold Shaft Mining
22:25 Caravan
22:43 Hand Cart
24:54 Bloodlines
27:48 Town Patrol
28:39 Forging
32:28 Imperial Age
30:52 Iron Casting
30:23 Scale Barding Armor
31:23 Husbandry
32:30 Heavy Camel Rider
34:35 Conscription
34:18 Scale Mail Armor
34:49 Elite Shrivamsha Rider
36:39 Chain Mail Armor
36:30 Light Cavalry
39:03 Chain Barding Armor
41:40 Stone Shaft Mining
Oguz CareVia
2:52 Loom
11:11 Feudal Age
13:02 Double-Bit Axe
15:52 Stone Mining
15:55 Gold Mining
19:41 Castle Age
20:29 Horse Collar
21:02 Bow Saw
21:31 Stone Shaft Mining
23:17 Heavy Plow
26:54 Ballistics
26:15 Treadmill Crane
29:22 Padded Archer Armor
29:13 Fletching
29:48 Caravan
29:16 Elite Skirmisher
32:08 Wheelbarrow
31:55 Bodkin Arrow
33:43 Leather Archer Armor
39:53 Imperial Age
37:41 Hand Cart
39:03 Fortified Wall
39:05 Masonry
金牌嘴炮选手
12:39 Feudal Age
17:54 Castle Age
17:10 Double-Bit Axe
17:10 Horse Collar
20:23 Fletching
26:44 Bodkin Arrow
28:00 Gold Mining
27:51 Pikeman
38:59 Bow Saw
oxrollin
2:28 Loom
3:20 Loom
3:55 Loom
5:00 Loom
11:22 Feudal Age
12:18 Double-Bit Axe
13:11 Wheelbarrow
15:08 Horse Collar
18:49 Castle Age
19:59 Hand Cart
21:03 Bow Saw
31:09 Fletching
31:39 Eupseong
34:45 Imperial Age
32:02 Town Watch
35:59 Town Patrol
36:05 Heavy Plow
37:08 Chemistry
36:29 Ballistics
39:22 Scale Mail Armor
39:33 Forging
39:19 Bodkin Arrow
41:11 Two-Man Saw
40:58 Elite Fire Lancer
41:39 Squires
41:25 Gambesons
41:15 Elite War Wagon
42:15 Conscription
KNoS
0:28 Loom
10:51 Feudal Age
11:35 Double-Bit Axe
17:22 Castle Age
16:08 Horse Collar
22:13 Wheelbarrow
27:07 Hand Cart
27:23 Caravan
28:27 Bow Saw
28:26 Gold Mining
28:27 Stone Mining
33:01 Imperial Age
31:52 Anarchy
31:54 Squires
31:17 Pikeman
34:54 Heavy Scorpion
38:09 Scale Mail Armor
39:14 Chemistry
38:35 Halberdier
darador86
12:47 Feudal Age
13:26 Double-Bit Axe
14:39 Loom
18:37 Castle Age
17:46 Horse Collar
17:59 Gold Mining
18:00 Stone Mining
22:33 Town Watch
23:52 Wheelbarrow
24:26 Caravan
26:09 Heavy Plow
26:46 Gold Shaft Mining
26:48 Bow Saw
28:39 Town Patrol
29:00 Hand Cart
32:38 Ballistics
32:15 Murder Holes
32:33 Masonry
34:59 Imperial Age
32:32 Padded Archer Armor
32:22 Fletching
32:43 Forging
32:33 Scale Mail Armor
32:39 Scale Barding Armor
32:50 Husbandry
34:08 Bloodlines
34:57 Marauders
35:29 Elite Tarkan
38:24 Chemistry
42:12 Two-Man Saw
Looting
0:40 Loom
13:11 Feudal Age
14:27 Horse Collar
20:26 Castle Age
19:36 Forging
19:56 Scale Barding Armor
20:36 Gold Mining
21:20 Light Cavalry
22:32 Double-Bit Axe
25:55 Town Watch
28:53 Imperial Age
26:58 Stone Mining
28:06 Pikeman
29:23 Chain Barding Armor
29:15 Fletching
33:23 Lechitic Legacy
34:19 Scale Mail Armor
34:47 Conscription
36:05 Winged Hussar
41:00 Iron Casting
40:31 Heavy Plow
Connection lost

Rejoining the realm…

Still unreachable

The connection could not be restored.

Session expired

The server has moved on; the page needs a fresh start.